 Dungeon Crawl Stone Soup version 0.29.1-2-gbd0b4ee654 (webtiles) character file.

Game seed: 12218550129185379858

113 GeoRichter the Gusty (level 4, -1/24 HPs)
             Began as a Tengu Air Elementalist on Nov 17, 2022.
             Killed by divine providence
             ... invoked by an orc priest
              (9 damage)
             ... on level 3 of the Dungeon.
             The game lasted 00:03:23 (3193 turns).

GeoRichter the Gusty (Tengu Air Elementalist)       Turns: 3193, Time: 00:03:23

Health: -1/24      AC:  2    Str:  8    XL:     4   Next: 96%
Magic:  3/8        EV: 12    Int: 17    God:
Gold:   163        SH:  0    Dex: 15    Spells: 5/8 levels left

rFire   . . .      SeeInvis .   f - +0 hand axe
rCold   . . .      Faith    .   (no shield)
rNeg    . . .      Spirit   .   a - +0 robe
rPois   .          Reflect  .   (helmet restricted)
rElec   .          Harm     .   (no cloak)
rCorr   .          Rampage  .   (no gloves)
Will    .....                   (boots unavailable)
Stlth   ++........              (no amulet)
HPRegen 0.08/turn               (no ring)
MPRegen 0.11/turn               (no ring)

@: no status effects
A: beak, talons 3
a: no special abilities


You were on level 3 of the Dungeon.
You visited 1 branch of the dungeon, and saw 3 of its levels.

You collected 163 gold pieces.

Inventory:

Hand Weapons
 f - a +0 hand axe (weapon)
   (You found it on level 1 of the Dungeon)
Armour
 a - a +0 robe (worn)
 k - a +0 buckler
   (You found it on level 2 of the Dungeon)
Scrolls
 c - 2 scrolls of fear {unknown}
 d - 2 scrolls of teleportation {unknown}
 e - a scroll of poison {unknown}
 g - 9 scrolls of identify {unknown}
 j - a scroll of amnesia {unknown}
 l - a scroll of summoning {unknown}
 m - a scroll of enchant armour {unknown}
 r - a scroll of torment {unknown}
Potions
 b - a potion of magic
 h - a potion of cancellation {unknown}
 i - 2 potions of heal wounds {unknown}
 n - a potion of attraction {unknown}
 o - a potion of curing {unknown}
 p - a potion of haste {unknown}
 q - a potion of lignification {unknown}


   Skills:
 - Level 2.1 Dodging
 - Level 2.0 Stealth
 + Level 2.6 Spellcasting
 * Level 3.9 Conjurations
 * Level 5.5 Air Magic


You had 5 spell levels left.
You knew the following spells:

 Your Spells              Type           Power      Damage    Failure   Level
a - Shock                 Conj/Air       72%        1d7       2%          1
b - Static Discharge      Conj/Air       18%        3-6/arc   3%          2

Your spell library contained the following spells:

 Spells                   Type           Power      Damage    Failure   Level
 Swiftness                Air            21%        N/A       5%          3
 Sandblast                Erth           4%         2d4       19%         1
 Airstrike                Air            10%        2d(2-18)  19%         4
 Stone Arrow              Conj/Erth      16%        3d8       24%         3
 Passwall                 Tmut/Erth      1%         N/A       28%         2


Dungeon Overview and Level Annotations

Branches:
Dungeon (3/15) Zot: 14805

Altars:


Innate Abilities, Weirdness & Mutations

You have a beak for a mouth.
You have claws for feet.


Message History

A worm is nearby!
The zap hits the worm!
The zap hits the worm.
The zap hits the worm.
The zap hits the worm.
You kill the worm!
You can't see any susceptible monsters within range! (Use Z to cast anyway.)
You can't see any susceptible monsters within range! (Use Z to cast anyway.)
Found 15 gold pieces.
There is a shaft here.
You now have 163 gold pieces (gained 15).
A ball python comes into view.
A ball python is nearby!
A ball python is nearby!
The zap hits the ball python.
You kill the ball python!
You can't see any susceptible monsters within range! (Use Z to cast anyway.)
You can't see any susceptible monsters within range! (Use Z to cast anyway.)
You can't see any susceptible monsters within range! (Use Z to cast anyway.)
An endoplasm comes into view.
An endoplasm is nearby!
An endoplasm is nearby!
The zap hits the endoplasm.
The endoplasm quivers.
The zap hits the endoplasm.
The zap hits the endoplasm.
You kill the endoplasm!
You can't see any susceptible monsters within range! (Use Z to cast anyway.)
You can't see any susceptible monsters within range! (Use Z to cast anyway.)
An orc comes into view. It is wielding a +0 club.
You see here a ball python corpse.
An orc is nearby!
An orc is nearby!
The zap hits the orc but does no damage.
The orc shouts!
You hear a shout!
An orc comes into view. It is wielding a +1 flail of draining.
The zap hits the orc!
You kill the orc!
An orc priest comes into view. It is wielding a +0 short sword.
The zap misses the orc priest.
The zap hits the orc priest.
The zap misses the orc.
An orc priest comes into view. It is wielding a +0 hand axe.
The zap hits the orc priest.
The zap hits the orc but does no damage.
The orc priest calls down the wrath of Beogh upon you.
Beogh smites you!
Ouch! That really hurt!
* * * LOW HITPOINT WARNING * * *
The orc priest mumbles some strange prayers to Beogh against you.
Beogh smites you!
You die...

## o.# #o# #.#
#o# #.# #.# #.#
#.# #.# #.#
#.#####.#
#....##@##.#
#..........#
#####.....###.##
#.....#.#.# .#
#.#####.#.# #
#.# #.#.. #.#
#.##.# #.# #..
.. #.####### .#.


You could see 2 orc priests and an orc.

Vanquished Creatures
  4 adders
  4 worms
  4 dart slugs
  5 orcs (D:3)
  6 endoplasms
  3 giant cockroaches
  2 goblins
  3 hobgoblins
  6 kobolds
  3 ball pythons
  5 bats
  4 frilled lizards
  4 rats
53 creatures vanquished.

Notes
Turn   | Place    | Note
-------+----------+-------------------------------------------
     0 | D:1      | GeoRichter the Tengu Air Elementalist began the quest for
                  | the Orb.
     0 | D:1      | Reached XP level 1. HP: 10/10 MP: 4/4
   117 | D:1      | Found a faded altar of an unknown god.
   483 | D:1      | Reached XP level 2. HP: 15/15 MP: 1/6
  1440 | D:2      | Reached XP level 3. HP: 19/19 MP: 0/7
  1508 | D:2      | Learned a level 2 spell: Static Discharge
  1809 | D:2      | Reached skill level 5 in Air Magic
  1885 | D:2      | Reached XP level 4. HP: 22/24 MP: 0/8
  2772 | D:3      | Noticed an ice beast
  3193 | D:3      | Killed from afar by an orc priest

Illustrated notes

Levels and vault maps discovered:
D:1:      dpeg_arrival_rhombi, layout_basic, basic_ecumenical_altar,
          chequers_serial_rivers_micro_d
D:2:      layout_basic
D:3:      layout_loops_ring

Skill      XL: |  1  2  3 |
---------------+----------+-----
Conjurations   | 2 3 |  3.9
Air Magic      | 5 |  5.5
Dodging        | |  2.1
Stealth        | |  2.0
Spellcasting   | |  2.6

Action                   |  1- 3 |  4- 6 || total
-------------------------+-------+-------++-------
Melee: Hand axe          |     4 |     2 ||     6
 Cast: Shock             |    76 |    49 ||   125
       Static Discharge  |     1 |     1 ||     2
 Stab: Sleeping          |       |     1 ||     1
Armor: Robe              |     6 |     1 ||     7
Dodge: Dodged            |     8 |     2 ||    10
